 Dungeon Crawl Stone Soup version 0.30-a0-596-g0af90f9a20 (webtiles) character file.

Game seed: 8775151911947428949

2384 bmack86 the Fighter (level 9, 0/82 HPs)
             Began as a Minotaur Fighter on Jan 6, 2023.
             Was a Priest of Okawaru.
             Slain by a gnoll bouda
             ... wielding a +0 whip
              (1 damage)
             ... on level 6 of the Dungeon.
             The game lasted 00:14:13 (4473 turns).

bmack86 the Fighter (Minotaur Fighter)              Turns: 4473, Time: 00:14:14

Health: 0/82       AC: 20    Str: 25    XL:     9   Next: 22%
Magic:  6/8        EV:  8    Int: 11    God:    Okawaru [***...]
Gold:   1222       SH:  6    Dex: 10    Spells: 8/8 levels left

rFire   . . .      SeeInvis .    t - +5 hand axe
rCold   . . .      Faith    .    c - +0 buckler
rNeg    . . .      Spirit   .    v - +2 plate armour
rPois   +          Reflect  .    (helmet restricted)
rElec   .          Harm     .    (no cloak)
rCorr   .          Rampage  .    n - +2 pair of gloves
Will    .....                    (no boots) Stlth
                                 w - amulet of regeneration
HPRegen 1.13/turn                m - +6 ring of intelligence
MPRegen 0.11/turn                u - ring of poison resistance

@: lethally poisoned (0 -> -1), heroic, weakened
A: horns 2, retaliatory headbutt
a: Renounce Religion, Heroism


You were on level 6 of the Dungeon.
You worshipped Okawaru.
Okawaru was most pleased with you.
You visited 2 branches of the dungeon, and saw 7 of its levels.

You collected 1222 gold pieces.

Inventory:

Hand Weapons
 a - a +0 war axe
 t - a +5 hand axe (weapon)
 y - a +0 battleaxe
Missiles
 j - 27 poisoned darts (quivered)
 s - a throwing net
Armour
 b - a +0 scale mail
 c - a +0 buckler (worn)
 l - a +0 chain mail
 n - a +2 pair of gloves (worn)
 v - a +2 plate armour (worn)
Jewellery
 m - a +6 ring of intelligence (left hand)
 u - a ring of poison resistance (right hand)
 w - an amulet of regeneration (around neck)
 E - a ring of protection from cold
 G - a ring of magical power
Wands
 i - a wand of paralysis (10)
Scrolls
 f - 2 scrolls of teleportation
 o - a scroll of vulnerability
 p - 3 scrolls of immolation
 q - 2 scrolls of poison
 r - a scroll of amnesia
 A - a scroll of blinking
 D - a scroll of fog
 F - a scroll of identify
Potions
 d - 2 potions of might
 e - a potion of cancellation {unknown}
 g - a potion of heal wounds
 h - 3 potions of mutation
 k - 3 potions of invisibility
 x - 3 potions of lignification {unknown}
 z - 2 potions of flight {unknown}
 B - a potion of attraction {unknown}
 C - 2 potions of curing {unknown}


   Skills:
 * Level 8.8(13.8) Fighting
 * Level 8.3(13.3) Axes
 + Level 4.2(9.2) Throwing
 + Level 6.9(11.9) Armour
 + Level 6.5(11.5) Shields


You had 8 spell levels left.
You didn't know any spells.
Your spell library contained the following spells:

 Spells                   Type           Power      Damage    Failure   Level
 Magic Dart               Conj           0%         1d3       98%         1
 Searing Ray              Conj           0%         2d4       99%         2
 Sublimation of Blood     Necr           0%         N/A       99%         2
 Fulminant Prism          Conj/Hex       0%         3d5       100%        4
 Petrify                  Tmut/Erth      0%         N/A       100%        4
 Irradiate                Conj/Tmut      0%         3d11      100%        5


Dungeon Overview and Level Annotations

Branches:
Dungeon (6/15)             Temple (1/1) D:4

Altars:
Ashenzari
Cheibriados
Dithmenos
Elyvilon
Gozag
Hepliaklqana
Makhleb
Nemelex Xobeh
Okawaru
Sif Muna
Trog
Uskayaw
Vehumet
Wu Jian
Xom

Annotations:
D:6 1 transporter, yumyumyeen's ghost, novice DjFE


Innate Abilities, Weirdness & Mutations

You have a pair of horns on your head.
You reflexively headbutt those who attack you in melee.


Message History

* * * LOW HITPOINT WARNING * * *
The gnoll attacks as you move away! The gnoll hits you but does no damage.
You feel very sick. The gnoll bouda closely misses you.
The gnoll hits you but does no damage. You block the gnoll's attack.
You gain the combat prowess of a mighty hero.
You feel sick.
The gnoll bouda calls upon its god to heal the gnoll.
The gnoll is healed somewhat.
You block the gnoll's attack. The gnoll hits you but does no damage.
You closely miss the gnoll.
The gnoll is lightly wounded.
You hit the gnoll. You closely miss the gnoll bouda.
You feel sick.
The gnoll is no longer moving quickly.
You block the gnoll's attack.
The gnoll bouda hits you with a +0 whip.
* * * LOW HITPOINT WARNING * * *
The gnoll hits you but does no damage.
You hit the gnoll. Your headbutt misses the gnoll.
The gnoll is lightly wounded.
You barely miss the gnoll. You hit the gnoll bouda.
You feel sick. The gnoll hits you but does no damage.
You block the gnoll's attack.
You slash the gnoll! Your headbutt misses the gnoll.
The gnoll is almost dead.
You hit the gnoll.
You kill the gnoll!
Okawaru accepts your kill.
You barely miss the gnoll bouda.
You feel sick. The gnoll bouda closely misses you.
You hit the gnoll.
You kill the gnoll!
Okawaru accepts your kill.
You hit the gnoll. You completely miss the gnoll bouda.
You feel sick.
The gnoll hits you from afar with a +2 spear of flaming.
* * * LOW HITPOINT WARNING * * *
The gnoll burns you.
* * * LOW HITPOINT WARNING * * *
The gnoll hits you with a +2 heavy flail!
* * * LOW HITPOINT WARNING * * *
The gnoll bouda hits you with a +0 whip.
You die...

*,****,,,**,**,*,* #.....#.. *,*
*,,,*#.##.#.####.....#..
*****,**#*,,,,......>............
,,,,,,,,..##,*#.#..#.#...........
,****,**#....*#.#..#.#.........##
,****,**#..#.##.#..#.#...........
,,,,,,,,......#.#..#.#...#####.#.
,,***,,,......gg#..#.....#####...
,,* *,,,......)g@...........##.##
,<* *,,,......)g####.©.####..#..~
,,****,,...#.=###,,#####,,##....~
,,**,,,,.....#*,,*..W(...,,#....≈
,,**,**,.....*,,..###=..##,##.##≈
,,**,,,,....,**,#,,,..#...,,#.##≈
,,**,,,,..#*,,*,,,*..©..##.©#.##≈
,,,,,,,,.#**,,*,,**..#...,,.#.###
********,***,,*,,,,*,,,*,,.##.#**


You could see a gnoll bouda and 3 gnolls.

Vanquished Creatures
  An unseen horror (D:5)
  A steam dragon (D:5)
  Menkaure (D:5)
  Edmund (D:4)
  2 water moccasins
  An ice beast (D:5)
  An ogre (D:4)
  A centaur (D:5)
  A phantom (D:4)
  A bullfrog (D:5)
  A gnoll sergeant (D:6)
  2 scorpions
  4 wights (D:6)
  A gnoll bouda (D:6)
  An orc priest (D:3)
  Jessica (D:2)
  7 iguanas
  5 orc wizards
  19 gnolls
  6 adders
  A shadow imp (D:6)
  A white imp (D:6)
  An ufetubus (D:6)
  2 worms
  3 dart slugs
  24 orcs
  5 bats
  2 endoplasms
  10 goblins
  5 hobgoblins
  8 jackals (D:1)
  7 quokkas
  7 ball pythons
  4 frilled lizards
  7 kobolds
  3 rats
148 creatures vanquished.

Notes
Turn   | Place    | Note
-------+----------+-------------------------------------------
     0 | D:1      | bmack86 the Minotaur Fighter began the quest for the Orb.
     0 | D:1      | Reached XP level 1. HP: 19/19 MP: 0/0
   134 | D:1      | Reached XP level 2. HP: 16/27 MP: 1/1
   415 | D:1      | Reached XP level 3. HP: 27/33 MP: 2/2
   769 | D:2      | Noticed Jessica
   777 | D:2      | Killed Jessica
   795 | D:2      | Reached XP level 4. HP: 38/41 MP: 3/3
  1360 | D:3      | Reached skill level 1 in Throwing
  1360 | D:3      | Reached XP level 5. HP: 19/47 MP: 4/4
  1364 | D:3      | Reached skill level 5 in Fighting
  2128 | D:4      | Reached XP level 6. HP: 56/56 MP: 5/5
  2190 | D:4      | Found a staircase to the Ecumenical Temple.
  2193 | D:4      | Noticed a water moccasin
  2206 | D:4      | Killed a water moccasin
  2211 | Temple   | Entered the Ecumenical Temple
  2226 | Temple   | Became a worshipper of Warmaster Okawaru
  2320 | D:4      | Reached skill level 5 in Axes
  2320 | D:4      | Reached skill level 5 in Armour
  2338 | D:4      | Reached XP level 7. HP: 61/63 MP: 6/6
  2648 | D:4      | Noticed Edmund
  2655 | D:4      | Killed Edmund
  2656 | D:4      | Reached skill level 5 in Shields
  2926 | D:4      | Found a sparkling altar of Nemelex Xobeh.
  3091 | D:5      | Entered Level 5 of the Dungeon
  3111 | D:5      | Reached * piety under Okawaru
  3198 | D:5      | Found a white marble altar of Elyvilon.
  3309 | D:5      | Noticed a steam dragon
  3321 | D:5      | Killed a steam dragon
  3331 | D:5      | Reached XP level 8. HP: 58/73 MP: 7/7
  3533 | D:5      | Noticed Menkaure
  3540 | D:5      | Killed Menkaure
  3598 | D:5      | Reached ** piety under Okawaru
  3610 | D:5      | Killed an unseen horror
  4104 | D:6      | Identified a scroll of acquirement
  4104 | D:6      | Acquired 816 gold pieces
  4124 | D:6      | Identified the +7 whip of the Pill Bug {venom, Stlth+}
  4229 | D:6      | Reached *** piety under Okawaru
  4230 | D:6      | Reached XP level 9. HP: 82/82 MP: 8/8
  4445 | D:6      | Found a transporter.
  4449 | D:6      | Noticed yumyumyeen's ghost (novice DjFE)
  4473 | D:6      | HP: 1/82 [gnoll/+2 heavy flail[a gnoll sergeant] (9)]
  4473 | D:6      | Slain by a gnoll bouda

Illustrated notes

Levels and vault maps discovered:
D:1:      minmay_arrival_diagonal_passages, layout_loops_ring,
          due_unseen_surprise
D:2:      layout_rooms, hangedman_glass_teeth, kennysheep_flooded_box,
          st_stairs_1, uniq_jessica
D:3:      layout_rooms, nicolae_concentric_dashed_squares_mild, minivault_19,
          minivault_26, st_stairs_10
D:4:      layout_basic, mainiacjoe_overflow_boulevard,
          minmay_temple_entry_arrows, uniq_edmund
D:5:      layout_gridville, elyvilon_altar_3, minmay_starry_boxes, uniq_menkaure
D:6:      minmay_flawed_box, layout_basic, gammafunk_ghost_stat_death,
          serial_rivers, chequers_serial_rivers_room_a,
          chequers_serial_rivers_micro_b, chequers_serial_rivers_micro_c,
          chequers_serial_rivers_micro_a, chequers_serial_rivers_large_a
Temple:   nicolae_temple_x_marks_the_god

Skill      XL: |  1  2  3  4  5  6  7  8  9 |
---------------+----------------------------+-----
Fighting       | 4 5 6 7 8 |  8.8
Axes           | 3 4 5 6 7 8 |  8.3
Armour         | 4 5 6 |  6.9
Shields        | 4 5 6 |  6.5
Throwing       | 1 2 4 |  4.2

Action                   |  1- 3 |  4- 6 |  7- 9 || total
-------------------------+-------+-------+-------++-------
Melee: War axe           |    72 |    91 |       ||   163
       Headbutt          |     8 |    14 |    29 ||    51
       Hand axe          |       |    22 |   184 ||   206
Throw: Dart              |       |    22 |     3 ||    25
Invok: Heroism           |       |       |     1 ||     1
  Use: Scroll            |       |    10 |     7 ||    17
Armor: Scale mail        |    64 |     4 |       ||    68
       Chain mail        |       |    69 |     6 ||    75
       Plate armour      |       |       |   162 ||   162
Dodge: Dodged            |    33 |    40 |    39 ||   112
Block: Buckler           |    17 |    32 |    57 ||   106

Table legend: (Time is in decaauts)
 A = Elapsed time spent in this place.
 B = Non-inter-level travel time spent in this place.
 C = Inter-level travel time spent in this place.
 D = Time resting spent in this place.
 E = Time spent auto-exploring this place.
 F = Levels seen in this place.
 G = Mean time per level.
                   A        B        C        D        E       F      G
               +--------+--------+--------+--------+--------+-----+--------+
         Total |   4537 |   4360 |    177 |    136 |   2695 |   7 |  648.1 |
       Dungeon |   4500 |   4323 |    177 |    136 |   2695 |   6 |  750.0 |
        Temple |     37 |     37 |      0 |      0 |      0 |   1 |   37.0 |
               +--------+--------+--------+--------+--------+-----+--------+

Top non-repeatable levels by time:
     D:5: 1009 daAuts
     D:4: 953 daAuts
     D:3: 821 daAuts
     D:1: 789 daAuts
     D:2: 550 daAuts
     D:6: 375 daAuts
  Temple: 37 daAuts
